 Dungeon Crawl Stone Soup version 0.24-a0-278-gefa1973 (webtiles) character file.

Game seed: 12973606753793060354

326031 emperorscorpion the Conqueror (level 20, -6/216 HPs)
             Began as a Minotaur Berserker on Apr 22, 2019.
             Was a High Priest of Trog.
             Mangled by a titan (23 damage)
             ... on level 5 of the Vaults on Apr 29, 2019.
             The game lasted 01:32:31 (41409 turns).

emperorscorpion the Conqueror (Minotaur Berserker) Turns: 41409, Time: 01:32:32

Health: -6/216     AC: 34    Str: 35    XL:     20   Next: 75%
Magic:  20/20      EV: 18    Int: 14    God:    Trog [*****.]
Gold:   1684       SH:  5    Dex: 16    Spells: 19/19 levels left

rFire    + . .     SeeInvis .   a - +9 battleaxe (chop)
rCold    + + +     Gourm    .   (shield currently unavailable)
rNeg     + + +     Faith    .   T - +5 plate armour {rC+}
rPois    +         Spirit   .   t - +2 hat
rElec    .         Reflect  +   H - scarf {rC+ rF+}
rCorr    .         Harm     .   S - +3 pair of gauntlets of War {Slay+5}
MR       +++..                  x - +2 pair of boots
Stlth    ..........             U - +5 amulet of reflection
HPRegen  1.46/turn              L - ring "Hiekh" {*Drain rN+++ Str+4 Int+6 Stlth-}
MPRegen  0.17/turn              V - ring of Luje {rC+ Str+4 Int+3 Dex+3}

@: about to teleport, marked, regenerating, studying Maces & Flails
A: retaliatory headbutt, horns 2, poison resistance, subdued magic 1, MP-powered
wands, sturdy frame 1
}: 2/15 runes: decaying, gossamer
a: Berserk, Trog's Hand, Brothers in Arms, Renounce Religion


You were on level 5 of the Vaults.
You worshipped Trog.
Trog was extremely pleased with you.
You were not hungry.

You visited 6 branches of the dungeon, and saw 36 of its levels.
You visited 1 bazaar.
You also visited: Desolation.

You collected 3497 gold pieces.
You spent 1813 gold pieces at shops.

Inventory:

Hand Weapons
 a - a +9 battleaxe of chopping (weapon)
 b - the +1 war axe of Karma {flame, rPois Str+4 Int+4}
   (You found it on level 15 of the Dungeon)

   It has been specially enchanted to burn those struck by it, causing extra
   injury to most foes and up to half again as much damage against particularly
   susceptible opponents.
   Big, fiery blades are also staple armaments of hydra-hunters.
   It affects your strength (+4).
   It affects your intelligence (+4).
   It protects you from poison.
 h - the +5 morningstar "Beetleslayer" {elec, rN++ MR- Str+4 SInv}
   (You found it on level 10 of the Dungeon)

   Occasionally, upon striking a foe, it will discharge some electrical energy
   and cause terrible harm.
   It affects your strength (+4).
   It greatly protects you from negative energy.
   It affects your resistance to hostile enchantments.
   It lets you see invisible.
 z - the +3 halberd of Cheese {freeze, rF+ rC+ Stlth+}
   (You found it on level 8 of the Dungeon)

   It has been specially enchanted to freeze those struck by it, causing extra
   injury to most foes and up to half again as much damage against particularly
   susceptible opponents.
   It can also slow down cold-blooded creatures.
   It protects you from fire.
   It protects you from cold.
   It makes you more stealthy.
 N - the +5 war axe of Evaopi {chop, rN+ Str+2}
   (Trog gifted it to you on level 2 of the Orcish Mines)

   It inflicts extra damage upon your enemies.
   It affects your strength (+2).
   It protects you from negative energy.
Armour
 t - a +2 hat (worn)
 x - a +2 pair of boots (worn)
 H - a scarf of resistance (worn)
 S - the +3 pair of gauntlets of War (worn) {Slay+5}
   (You acquired it on level 10 of the Dungeon)

   It affects your accuracy and damage with ranged weapons and melee attacks
   (+5).
 T - a +5 plate armour of cold resistance (worn)
Jewellery
 i - an uncursed ring of resist corrosion
 A - an uncursed ring of ice
 B - an uncursed ring of see invisible
 E - the ring "Ilojoed" {rC+ Str+3 Int+6}
   (You found it in the Desolation of Salt)

   [ring of protection from cold]

   It affects your strength (+3).
   It affects your intelligence (+6).
   It protects you from cold.
 I - an uncursed ring of protection from cold
 L - the ring "Hiekh" (left hand) {*Drain rN+++ Str+4 Int+6 Stlth-}
   (You found it in the Desolation of Salt)

   [ring of attention]

   It affects your strength (+4).
   It affects your intelligence (+6).
   It renders you almost immune to negative energy.
   It causes draining when unequipped.
   It makes you less stealthy.
 R - an uncursed ring of protection from fire
 U - a +5 amulet of reflection (around neck)
 V - the ring of Luje (right hand) {rC+ Str+4 Int+3 Dex+3}
   (You found it in the Desolation of Salt)

   [ring of intelligence]

   It affects your strength (+4).
   It affects your intelligence (+3).
   It affects your dexterity (+3).
   It protects you from cold.
Wands
 d - a wand of digging (3)
 u - a wand of acid (3)
 y - a wand of paralysis (6)
 F - a wand of iceblast (2)
 K - a wand of scattershot (9)
Scrolls
 f - 6 scrolls of fear
 k - 12 scrolls of teleportation
 o - a scroll of fog
 p - 6 scrolls of immolation
 G - a scroll of silence
 J - 15 scrolls of remove curse
 Q - a scroll of blinking
 W - 2 scrolls of magic mapping
 X - 3 scrolls of holy word
Potions
 e - 3 potions of heal wounds
 g - a potion of invisibility
 j - 3 potions of brilliance
 l - a potion of resistance
 m - 8 potions of haste
 n - 6 potions of curing
 q - 4 potions of might
 r - 3 potions of agility
 s - 3 potions of magic
 v - 4 potions of lignification
 w - 2 potions of flight
 D - 6 potions of ambrosia
 M - a potion of cancellation
 P - a potion of mutation
 Z - 2 potions of berserk rage
Books
 C - a manual of Maces & Flails
Comestibles
 c - 59 rations
 O - 7 chunks of flesh


   Skills:
 O Level 27 Fighting
   Level 2.5 Long Blades
 - Level 19.8(20.0) Axes
 + Level 3.6(13.9) Maces & Flails
 - Level 0.6(13.5) Polearms
 + Level 20.0 Armour
 + Level 12.4 Dodging
 + Level 7.3 Stealth
 + Level 2.2 Evocations


You had 19 spell levels left.
You didn't know any spells.
Your spell library contained the following spells:

 Spells                   Type           Power        Failure   Level  Hunger
 Beastly Appendage        Tmut           #.....       54%         1    ##.....
 Corona                   Hex            #......      54%         1    ##.....
 Freeze                   Ice            #...         54%         1    ##.....
 Summon Butterflies       Summ           #.......     54%         1    ##.....
 Blink                    Tloc           N/A          71%         2    ###....
 Corpse Rot               Necr           N/A          71%         2    ###....
 Shroud of Golubria       Chrm/Tloc      #.........   71%         2    ###....
 Slow                     Hex            #.......     71%         2    ###....
 Sticks to Snakes         Tmut           #.......     71%         2    ###....
 Sublimation of Blood     Necr           #.........   71%         2    ###....
 Call Canine Familiar     Summ           #.......     90%         3    ####...
 Gell's Gravitas          Tloc           #.........   90%         3    ####...
 Inner Flame              Hex/Fire       #.......     90%         3    ####...
 Lesser Beckoning         Tloc           #.........   90%         3    ####...
 Portal Projectile        Hex/Tloc       #.....       90%         3    ####...
 Spider Form              Tmut/Pois      #.........   90%         3    ####...
 Teleport Other           Tloc           #.......     90%         3    ####...
 Cause Fear               Hex            #.........   100%        4    #####..
 Ice Form                 Ice/Tmut       #.......     100%        4    #####..
 Leda's Liquefaction      Hex/Erth       #.........   100%        4    #####..
 Olgreb's Toxic Radiance  Pois           #.......     100%        4    #####..
 Passage of Golubria      Tloc           N/A          100%        4    #####..
 Summon Ice Beast         Ice/Summ       #.......     100%        4    #####..
 Agony                    Necr           #.......     100%        5    ######.
 Blade Hands              Tmut           #.........   100%        5    ######.
 Bolt of Draining         Conj/Necr      #.........   100%        5    ######.
 Dispel Undead            Necr           #.......     100%        5    ######.
 Excruciating Wounds      Chrm/Necr      #.........   100%        5    ######.
 Silence                  Hex/Air        #.........   100%        5    ######.
 Summon Mana Viper        Hex/Summ       #.......     100%        5    ######.
 Venom Bolt               Conj/Pois      #.........   100%        5    ######.
 Yara's Violent Unravell  Hex/Tmut       #.........   100%        5    ######.
 Darkness                 Hex            #.........   100%        6    #######
 Deflect Missiles         Chrm/Air       #.........   100%        6    #######
 Freezing Cloud           Conj/Ice/Air   #.........   100%        6    #######
 Summon Hydra             Summ           #.........   100%        7    #######
 Discord                  Hex            #.........   100%        8    #######


Dungeon Overview and Level Annotations

Branches:
Dungeon (15/15)            Temple (0/1) D:4            Lair (6/6) D:11
  Swamp (4/4) Lair:4       Spider (4/4) Lair:3        Slime (0/5) Lair:5
    Orc (2/2) D:9             Elf (0/3) Orc:2        Vaults (5/5) D:13
 Depths (0/5) D:15
  Crypt: Vaults:2-3

Altars:
Ashenzari
Cheibriados
Dithmenos
Gozag
Hepliaklqana
Kikubaaqudgha
Okawaru
Qazlal
Ru
Sif Muna
Trog
Vehumet
Wu Jian
Xom
Zin
The Shining One
Jiyva

Shops:
D:4 (   D:6 *   Orc:1 }   Orc:2 :[?%   Vaults:1 =

Portals:
Trove: D:10 (give +4 ice dragon scales)

Annotations:
D:5 2 exclusions


Innate Abilities, Weirdness & Mutations

You reflexively headbutt those who attack you in melee.
You have a pair of horns on your head.
Your system is resistant to poisons. (rPois)
Your spells are a little easier to cast, but a little less powerful.
You expend magic power (3 MP) to strengthen your wands.
Your movements are slightly less encumbered by armour. (ER -2)


Message History

A deep troll comes into view.
A stone giant comes into view.
You block the vault warden's attack.
The ancient lich touches you but does no damage.
Unknown command.
You slash the ancient lich! You headbutt the ancient lich!
You destroy the ancient lich!
Trog accepts your kill.
Trog appreciates your killing of a magic user.
You have mastered Fighting!
Your Armour skill increases to level 20!
You slice the vault warden like a ripe choko!!!
You slice the titan!! You slash the vault warden! You hit the ettin.
You slash the golden dragon!
The vault sentinel blows a loud note on a signal horn!
The ettin completely misses you. You furiously retaliate!
You headbutt the ettin, but do no damage.
The ettin hits you with a +2 dire flail of holy wrath!!
* * * LOW HITPOINT WARNING * * *
The titan hits you!!
You die...

#.. #..# .# ..... p. ...
#..# .#...... ..# ... #..#
......# ..c. ..####..#
e..... ..... ....#..#
(#p.### ..#..#####...#..#
.c.p..# .......#.o..##..#
.c...p# ..C..DC#DX*T##..#
o# #.p.p@.QCC.#..# .#
#..(Cp)##pT.p.#
#####################(...#
...p.................)...#
o........................#
.................)(..(..(#
...................(.....#
#####################O.(.#
.cp..p....e§e§.))....)...#


You could see a tentacled monstrosity, an ironheart preserver, a titan, a golden
dragon, a storm dragon, 2 stone giants, 2 vault wardens, a tengu reaver, 2
ettins, 2 deep trolls, a vault sentinel, 2 ironbrand convokers, a yaktaur, an
orc warrior and a battlesphere.

Vanquished Creatures
  3 ancient liches (Vaults:5)
  Jorgrun (Spider:1)
  Rupert (D:14)
  A titan (Vaults:5)
  A sphinx (Vaults:1)
  A quicksilver dragon (Vaults:5)
  Gastronok (D:9)
  2 shadow dragons (Vaults:5)
  A tengu reaver (Vaults:5)
  Kirke (D:12)
  5 thorn hunters
  2 fire giants
  A deep elf sorcerer (Vaults:5)
  Aizul (Swamp:2)
  An iron dragon (Vaults:5)
  Louise (Swamp:4)
  2 imperial myrmidons (Desolation)
  3 ghost moths
  5 emperor scorpions
  7 vault wardens
  The ghost of Zycearphob the Arsonist, a journeyman OgFE of Vehumet (Lair:3)
  3 very ugly things
  3 stone giants (Vaults:5)
  10 ironheart preservers
  2 entropy weavers (Vaults:5)
  A deep elf demonologist (Vaults:5)
  2 spark wasps (Spider:4)
  A deep elf annihilator (Vaults:5)
  The ghost of DrClinical the Spear-Bearer, a journeyman HOFi of Beogh (Lair:3)
  Snorg (D:12)
  4 ettins
  A deep elf death mage (Vaults:5)
  4 crystal guardians (Desolation)
  10 ogre magi
  A deep elf high priest (Vaults:5)
  6 yaktaur captains
  3 great orbs of eyes
  33 vault guards
  2 fire dragons
  5 servants of whispers (Desolation)
  An ice dragon (Vaults:5)
  23 hydras
  5 ragged hierophants
  A rakshasa (D:15)
  3 shambling mangroves
  4 peacekeepers (Desolation)
  A ghost crab (Swamp:4)
  7 centaur warriors
  An anaconda (shapeshifter) (D:15)
  3 catoblepae
  A death knight (Vaults:2)
  29 two-headed ogres
  8 death scarabs (Spider:4)
  A deep troll earth mage (Vaults:1)
  11 alligators
  6 death yaks (Lair:6)
  2 tengu warriors
  A deep troll shaman (Vaults:1)
  2 spriggans
  A deep elf knight (Vaults:1)
  Nergalle (Lair:4)
  A fire crab (D:15)
  3 skeletal warriors (D:15)
  An iron troll (Orc:2)
  A spectral emperor scorpion (Spider:4)
  A glowing orange brain (Vaults:1)
  5 unseen horrors
  A flayed ghost (Vaults:2)
  7 swamp dragons
  8 deep trolls
  A lindwurm (Lair:6)
  12 ironbrand convokers
  9 orc knights
  5 spectral wolf spiders (Spider:4)
  2 deep elf archers
  2 phantasmal warriors (Vaults:2)
  5 orb spiders
  7 deep elf magi
  6 orc sorcerers
  3 oklob plants
  3 ugly things
  12 wolf spiders
  11 cyclopes
  A cyclops (shapeshifter) (D:12)
  2 manticores (D:15)
  A moth of wrath (shapeshifter) (Vaults:5)
  6 elephants
  A manticore (shapeshifter) (D:14)
  A moth of wrath (Spider:4)
  2 black mambas (shapeshifter)
  A gargoyle (D:15)
  3 vault sentinels
  10 molten gargoyles
  2 guardian serpents (Desolation)
  16 spiny frogs
  11 black mambas
  2 torpor snails
  2 rime drakes
  3 spectral redbacks (Spider:4)
  A rime drake (shapeshifter) (D:14)
  6 komodo dragons
  6 demonic crawlers
  4 kobold demonologists
  An efreet (D:14)
  A freezing wraith (Vaults:4)
  6 yaktaurs
  A polar bear (shapeshifter) (D:14)
  A tengu conjurer (D:15)
  20 jumping spiders
  A queen bee (D:12)
  4 meliai
  9 hornets
  9 tyrant leeches
  14 trolls
  3 spectral jumping spiders (Spider:4)
  46 slime creatures
  14 bog bodies
  3 jumping spider zombies (Spider:4)
  4 spectral tarantellas (Spider:4)
  A sphinx simulacrum (Vaults:2)
  11 blink frogs
  A hippogriff (shapeshifter) (Vaults:2)
  10 hippogriffs
  48 saltlings
  2 tarantella zombies (Spider:4)
  5 dream sheep
  58 redbacks
  5 shadows
  A spriggan (shapeshifter) (D:12)
  A wraith (Vaults:1)
  21 tarantellas
  5 hogs (D:12)
  10 wyverns
  28 yaks
  4 steam dragons
  5 basilisks
  2 hungry ghosts
  23 vampire mosquitoes
  4 wargs
  A soldier ant (D:13)
  11 insubstantial wisps
  11 swamp worms
  2 acid dragons
  4 hell hounds (Lair:6)
  Duvessa (D:4)
  6 porcupines
  5 water moccasins
  2 spectral hornets (Spider:4)
  12 swamp drakes
  22 orc warriors
  A hornet zombie (Spider:4)
  3 sky beasts
  3 ice beasts
  2 phantoms
  2 black bears
  A necrophage (D:15)
  41 ogres
  2 boggarts
  23 centaurs
  14 crocodiles
  9 big kobolds
  31 bullfrogs
  Dowan (D:4)
  A wyvern skeleton (D:11)
  40 killer bees
  3 wights
  8 howler monkeys
  3 electric eels (Lair:4)
  6 crimson imps
  4 lava snakes (Lair:6)
  A bullfrog zombie (D:6)
  9 jellies
  21 orc priests
  4 centaur zombies
  8 hounds
  35 orc wizards
  7 centaur skeletons
  A gnoll shaman (D:5)
  6 iguanas
  Jessica (D:2)
  11 worker ants
  Terence (D:3)
  2 hound zombies
  A worker ant zombie (D:5)
  11 adders
  12 gnolls
  A howler monkey skeleton (D:4)
  6 shadow imps
  3 oozes
  An adder skeleton (D:8)
  7 worms
  2 dart slugs
  3 leopard geckos
  107 orcs
  11 bats
  5 giant cockroaches
  9 goblins
  10 hobgoblins
  6 jackals
  20 kobolds
  8 quokkas
  A ball python (D:2)
  A ball python skeleton (D:4)
  8 frilled lizards
  A jackal skeleton (D:4)
  3 rats
  10 briar patches
  2 bushes (Lair:4)
  7 plants
1454 creatures vanquished.

Vanquished Creatures (collateral kills)
  Nikola (Swamp:3)
  Arachne (Spider:3)
  A tentacled monstrosity (Vaults:5)
  A tengu reaver (Vaults:5)
  2 entropy weavers
  A deep elf demonologist (Vaults:5)
  The ghost of Lanoc the Basher, a journeyman TrGl of Okawaru (Lair:3)
  An ettin (Vaults:5)
  A yaktaur captain (Vaults:5)
  5 vault guards (Vaults:5)
  A deep elf high priest (Vaults:5)
  3 deep elf knights (Vaults:5)
  A deep troll (Vaults:5)
  A wolf spider (Vaults:5)
  2 orb spiders (Spider:3)
  2 deep elf magi (Vaults:5)
  A vault sentinel (Vaults:5)
  A merfolk (shapeshifter) (Vaults:5)
  2 jumping spiders (Spider:3)
  4 redbacks (Spider:3)
  A tarantella (Spider:3)
  A lava snake (Lair:6)
35 creatures vanquished.

Vanquished Creatures (others)
  2 hydras (Swamp:4)
  2 humans (D:12)
  A killer bee (D:12)
  An orc priest (Vaults:5)
  2 orc wizards (D:5)
  A leopard gecko (D:2)
  A bat (D:2)
  A hobgoblin (D:2)
  3 briar patches (Swamp:4)
  3 fungi (Lair:6)
  8 plants
25 creatures vanquished.

Grand Total: 1514 creatures vanquished

Notes
Turn   | Place    | Note
-------+----------+-------------------------------------------
     0 | D:1      | emperorscorpion the Minotaur Berserker began the quest for
                  | the Orb.
     0 | D:1      | Reached XP level 1. HP: 19/19 MP: 0/0
   186 | D:1      | Reached XP level 2. HP: 21/27 MP: 1/1
   484 | D:1      | Reached skill level 4 in Fighting
   797 | D:1      | Reached XP level 3. HP: 33/33 MP: 2/2
   897 | D:2      | Reached ** piety under Trog
  1208 | D:2      | Reached XP level 4. HP: 29/41 MP: 3/3
  1343 | D:2      | Found a shadowy altar of Dithmenos.
  1388 | D:2      | Reached skill level 5 in Axes
  1578 | D:2      | Noticed Jessica
  1582 | D:2      | Killed Jessica
  1797 | D:3      | Reached XP level 5. HP: 47/47 MP: 4/4
  1947 | D:3      | Reached *** piety under Trog
  2172 | D:3      | Noticed Terence
  2180 | D:3      | Killed Terence
  2180 | D:3      | Reached skill level 5 in Fighting
  2479 | D:3      | Upgraded the game from 0.24-a0-269-g32ec7ca to
                  | 0.24-a0-271-ga0fc33f
  2711 | D:4      | Reached XP level 6. HP: 53/56 MP: 5/5
  2748 | D:4      | Found Qickiaru's Weapon Boutique.
  2954 | D:4      | Bought a +0 war axe for 35 gold pieces
  3301 | D:4      | Noticed Duvessa
  3322 | D:4      | Killed Duvessa
  3322 | D:4      | Reached skill level 1 in Stealth
  3340 | D:4      | Noticed Dowan
  3513 | D:4      | Killed Dowan
  3513 | D:4      | Reached XP level 7. HP: 61/61 MP: 6/6
  3622 | D:4      | Reached skill level 5 in Armour
  3729 | D:4      | Found a staircase to the Ecumenical Temple.
  3903 | D:5      | Entered Level 5 of the Dungeon
  4052 | D:5      | Found an ornate altar of the Wu Jian Council.
  4079 | D:5      | Found a sacrificial altar of Ru.
  4188 | D:5      | Reached **** piety under Trog
  4440 | D:5      | Reached XP level 8. HP: 70/70 MP: 7/7
  4515 | D:5      | Reached skill level 6 in Fighting
  4830 | D:5      | Found a deep blue altar of Sif Muna.
  5268 | D:6      | Found a stormy altar of Qazlal.
  5560 | D:6      | Found Sogaobin's General Store.
  5774 | D:6      | Found a snail-covered altar of Cheibriados.
  5992 | D:6      | Reached skill level 7 in Fighting
  6105 | D:6      | Reached skill level 10 in Axes
  6153 | D:6      | Found a hazy altar of Hepliaklqana.
  6180 | D:6      | Reached XP level 9. HP: 79/79 MP: 8/8
  6755 | D:7      | Found a shattered altar of Ashenzari.
  6887 | D:7      | Found an opulent altar of Gozag.
  6981 | D:7      | Reached ***** piety under Trog
  7193 | D:8      | Reached skill level 8 in Fighting
  8034 | D:8      | Found a radiant altar of Vehumet.
  8245 | D:8      | Reached skill level 5 in Dodging
  8540 | D:8      | Noticed a three-headed hydra
  8544 | D:8      | Killed a one-headed hydra
  8544 | D:8      | Reached XP level 10. HP: 90/90 MP: 9/9
  8555 | D:8      | Got an ancient halberd
  8556 | D:8      | Identified the cursed +3 halberd of Cheese {freeze, rF+ rC+
                  | Stlth+} (You found it on level 8 of the Dungeon)
  8695 | D:8      | Found an ancient bone altar of Kikubaaqudgha.
  9164 | D:9      | Found a shimmering altar of Xom.
  9167 | D:9      | Noticed Gastronok
  9167 | D:9      | Noticed an angel
  9183 | D:9      | Killed Gastronok
  9183 | D:9      | Reached skill level 9 in Fighting
  9183 | D:9      | Reached skill level 1 in Long Blades
  9183 | D:9      | Reached skill level 10 in Armour
  9184 | D:9      | Found a glowing silver altar of Zin.
  9284 | D:9      | Found a bloodstained altar of Trog.
  9287 | D:9      | Found a staircase to the Orcish Mines.
  9372 | D:9      | Found a glowing golden altar of the Shining One.
  9959 | D:10     | Entered Level 10 of the Dungeon
 10171 | D:10     | Identified a scroll of acquirement
 10172 | D:10     | Found the +3 pair of gauntlets of War {Slay+5}
 10184 | D:10     | Got an iridescent morningstar
 10185 | D:10     | Identified the +5 morningstar "Beetleslayer" {elec, rN++
                  | MR- Str+4 SInv} (You found it on level 10 of the Dungeon)
 10197 | D:10     | Noticed a molten gargoyle
 10205 | D:10     | Killed a molten gargoyle
 10205 | D:10     | Reached skill level 10 in Fighting
 10206 | D:10     | Noticed a molten gargoyle
 10208 | D:10     | Noticed a molten gargoyle
 10218 | D:10     | Killed a molten gargoyle
 10223 | D:10     | Killed a molten gargoyle
 10223 | D:10     | Reached XP level 11. HP: 73/100 MP: 10/10
 10641 | D:10     | Found a portal to a secret trove of treasure.
 10699 | D:10     | Noticed an unseen horror
 10705 | D:10     | Killed an unseen horror
 10926 | D:11     | Reached skill level 11 in Fighting
 11304 | D:11     | Received a gift from Trog
 11318 | D:11     | Got a transparent great sword {god gift}
 11319 | D:11     | Identified the +5 great sword "Dapsuorr" {freeze, rElec}
                  | (Trog gifted it to you on level 11 of the Dungeon)
 11481 | D:11     | Found a staircase to the Lair.
 11633 | D:11     | Noticed a two-headed ogre
 11639 | D:11     | Killed a two-headed ogre
 11712 | D:11     | Noticed a white ugly thing
 11712 | D:11     | Noticed a green ugly thing
 11718 | D:11     | Killed a white ugly thing
 11723 | D:11     | Killed a green ugly thing
 11723 | D:11     | Reached skill level 12 in Fighting
 11845 | D:12     | Noticed Kirke
 11851 | D:12     | Noticed a harpy
 11851 | D:12     | Noticed a harpy
 11851 | D:12     | Noticed Snorg
 11861 | D:12     | Killed Kirke
 11864 | D:12     | Killed Snorg
 11864 | D:12     | Reached XP level 12. HP: 106/113 MP: 11/11
 11937 | D:12     | Reached skill level 5 in Stealth
 11993 | D:12     | Reached skill level 13 in Fighting
 12043 | D:12     | Noticed a two-headed ogre
 12046 | D:12     | Killed a two-headed ogre
 12447 | D:12     | Found an iron altar of Okawaru.
 12707 | D:12     | Noticed a two-headed ogre
 12711 | D:12     | Killed a two-headed ogre
 12789 | D:12     | Found a flickering gateway to a bazaar.
 12863 | Bazaar   | Entered a bazaar
 12863 | Bazaar   | Found Maunaodug's Magic Scroll Shop.
 12863 | Bazaar   | Found Bur Men's Jewellery Boutique.
 12863 | Bazaar   | Found Ibounuoh's Weapon Boutique.
 12863 | Bazaar   | Found Seduliur's General Store.
 12883 | Bazaar   | Bought a potion of mutation for 136 gold pieces
 12883 | Bazaar   | Gained mutation: Your spells are a little easier to cast,
                  | but a little less powerful. [potion of mutation]
 12883 | Bazaar   | Gained mutation: Your system is resistant to poisons.
                  | (rPois) [potion of mutation]
 12883 | Bazaar   | Gained mutation: Your movements are slightly less
                  | encumbered by armour. (ER -2) [potion of mutation]
 12883 | Bazaar   | Gained mutation: You expend magic power (3 MP) to
                  | strengthen your wands. [potion of mutation]
 12884 | Bazaar   | Bought a scroll of identify for 34 gold pieces
 12891 | Bazaar   | Bought a scroll of enchant armour for 67 gold pieces
 12891 | Bazaar   | Bought a scroll of identify for 18 gold pieces
 12891 | Bazaar   | Bought a scroll of enchant armour for 67 gold pieces
 12891 | Bazaar   | Bought a scroll of identify for 18 gold pieces
 12891 | Bazaar   | Bought a scroll of identify for 18 gold pieces
 12891 | Bazaar   | Bought a scroll of identify for 18 gold pieces
 12891 | Bazaar   | Bought a scroll of immolation for 31 gold pieces
 12891 | Bazaar   | Bought a scroll of torment for 67 gold pieces
 12891 | Bazaar   | Bought a scroll of remove curse for 27 gold pieces
 12891 | Bazaar   | Bought a scroll of holy word for 67 gold pieces
 13024 | D:12     | Reached ****** piety under Trog
 13357 | D:12     | Received a gift from Trog
 13472 | D:12     | Noticed a two-headed ogre
 13482 | D:12     | Reached skill level 14 in Fighting
 13489 | D:12     | Killed a two-headed ogre
 13864 | D:13     | Noticed a vault guard
 13865 | D:13     | Noticed an eight-headed hydra
 13867 | D:13     | Noticed a vault guard
 13878 | D:13     | Noticed a vault guard
 13884 | D:13     | Killed a vault guard
 13886 | D:13     | Killed a vault guard
 13886 | D:13     | Reached XP level 13. HP: 119/125 MP: 12/12
 14557 | D:13     | Found a gate to the Vaults.
 15114 | D:13     | Reached skill level 15 in Fighting
 15114 | D:13     | Reached skill level 15 in Axes
 15637 | D:13     | Found an ancient bone altar of Kikubaaqudgha.
 16064 | D:14     | Noticed Rupert
 16076 | D:14     | Killed Rupert
 16076 | D:14     | Reached skill level 1 in Maces & Flails
 16171 | D:14     | Received a gift from Trog
 16299 | D:14     | Reached XP level 14. HP: 78/135 MP: 13/13
 17163 | D:15     | Entered Level 15 of the Dungeon
 18487 | D:15     | Found a staircase to the Depths.
 18751 | D:15     | Reached skill level 16 in Fighting
 18828 | D:15     | Received a gift from Trog
 19011 | D:15     | Got a translucent cloak
 19012 | D:15     | Identified the +0 cloak "Waokhlib" {rC- Regen+ MP+9 SInv}
                  | (You acquired it on level 15 of the Dungeon)
 19075 | D:15     | Got a shimmering war axe
 19076 | D:15     | Identified the +1 war axe of Karma {flame, rPois Str+4
                  | Int+4} (You found it on level 15 of the Dungeon)
 19273 | Orc:1    | Entered Level 1 of the Orcish Mines
 19361 | Orc:2    | Entered Level 2 of the Orcish Mines
 19917 | Orc:1    | Found Fane's Gadget Shoppe.
 20345 | Orc:2    | Found a staircase to the Elven Halls.
 20356 | Orc:2    | Found Rall's Food Emporium.
 20369 | Orc:2    | Received a gift from Trog
 20372 | Orc:2    | Reached XP level 15. HP: 145/145 MP: 14/14
 21008 | Orc:2    | Got a translucent war axe {god gift}
 21009 | Orc:2    | Identified the +5 war axe of Evaopi {chop, rN+ Str+2} (Trog
                  | gifted it to you on level 2 of the Orcish Mines)
 21013 | Orc:2    | Found Coifourgh's Magic Scroll Shoppe.
 21027 | Orc:2    | Found Uvetien's Armour Boutique.
 21136 | Orc:2    | Bought a scroll of teleportation for 30 gold pieces
 21136 | Orc:2    | Bought a scroll of identify for 20 gold pieces
 21136 | Orc:2    | Bought a scroll of blinking for 75 gold pieces
 21138 | Orc:2    | Found Dupoany's Book Emporium.
 21142 | Orc:2    | Bought a +4 plate armour of cold resistance for 550 gold
                  | pieces
 21374 | Lair:1   | Entered Level 1 of the Lair of Beasts
 21419 | Lair:1   | You fall through a shaft!
 21427 | Lair:2   | You fall through a shaft!
 23363 | Lair:3   | Found a hole to the Spider Nest.
 23386 | Lair:3   | Received a gift from Trog
 23602 | Lair:3   | Found a runed translucent gate.
 23602 | Lair:3   | Found a runed translucent gate.
 23602 | Lair:3   | Found a runed translucent gate.
 23603 | Lair:3   | Noticed Lanoc's ghost (journeyman TrGl)
 23603 | Lair:3   | Noticed DrClinical's ghost (journeyman HOFi)
 23604 | Lair:3   | Noticed Zycearphob's ghost (journeyman OgFE)
 23616 | Lair:3   | Killed Zycearphob's ghost
 23616 | Lair:3   | Reached skill level 17 in Fighting
 23619 | Lair:3   | Killed Lanoc's ghost
 23623 | Lair:3   | Killed DrClinical's ghost
 24022 | Lair:4   | Noticed Nergalle
 24029 | Lair:4   | Killed Nergalle
 24423 | Lair:4   | Found a staircase to the Swamp.
 25403 | Lair:5   | Found a viscous altar of Jiyva.
 25403 | Lair:5   | Found a staircase to the Slime Pits.
 26141 | Lair:6   | Entered Level 6 of the Lair of Beasts
 26154 | Lair:6   | Received a gift from Trog
 26827 | Lair:6   | Reached XP level 16. HP: 155/155 MP: 15/15
 26839 | Lair:6   | Reached skill level 15 in Armour
 27120 | Lair:6   | Found a large runed translucent door.
 27121 | Lair:6   | Found a large runed translucent door.
 27400 | Lair:6   | Reached skill level 18 in Fighting
 28027 | Spider:1 | Entered Level 1 of the Spider Nest
 28027 | Spider:1 | Noticed Jorgrun
 28036 | Spider:1 | Killed Jorgrun
 28726 | Spider:2 | Reached skill level 10 in Dodging
 28974 | Spider:3 | Received a gift from Trog
 29211 | Spider:3 | Noticed Arachne
 29221 | Spider:3 | Killed Arachne
 29224 | Spider:3 | Reached skill level 19 in Fighting
 29302 | Spider:4 | Entered Level 4 of the Spider Nest
 29575 | Spider:4 | Identified the +4 chain mail "Peg Oteck" {+Inv rElec MR+
                  | MP-9} (You found it on level 4 of the Spider Nest)
 30405 | Spider:4 | Reached XP level 17. HP: 159/169 MP: 16/16
 30556 | Spider:4 | Received a gift from Trog
 30835 | Spider:4 | Reached skill level 20 in Fighting
 30906 | Spider:4 | Reached skill level 1 in Evocations
 31532 | Spider:4 | Got a gossamer rune of Zot
 31817 | Swamp:1  | Entered Level 1 of the Swamp
 31927 | Swamp:1  | Upgraded the game from 0.24-a0-271-ga0fc33f to
                  | 0.24-a0-272-g1411513
 32994 | Swamp:2  | Noticed Aizul
 33010 | Swamp:2  | Killed Aizul
 33012 | Swamp:2  | Received a gift from Trog
 33567 | Swamp:2  | Reached skill level 21 in Fighting
 34165 | Swamp:3  | Received a gift from Trog
 35062 | Swamp:3  | Noticed Nikola
 35073 | Swamp:3  | Killed Nikola
 35073 | Swamp:3  | Reached XP level 18. HP: 166/182 MP: 14/18
 35229 | Swamp:4  | Entered Level 4 of the Swamp
 35232 | Swamp:4  | Noticed Louise
 35253 | Swamp:4  | Killed Louise
 35640 | Swamp:4  | Received a gift from Trog
 35640 | Swamp:4  | Reached skill level 22 in Fighting
 35772 | Swamp:4  | Got a decaying rune of Zot
 36916 | Vaults:1 | Entered Level 1 of the Vaults
 37553 | Vaults:1 | Paralysed by a great orb of eyes for 7 turns
 37795 | Vaults:1 | Found Hajijad's Jewellery Boutique.
 37824 | Vaults:1 | Bought a +5 amulet of reflection for 535 gold pieces
 37927 | Vaults:1 | Received a gift from Trog
 38150 | Vaults:1 | Reached skill level 23 in Fighting
 39010 | Vaults:2 | Received a gift from Trog
 39128 | Vaults:2 | Reached XP level 19. HP: 195/195 MP: 19/19
 39294 | Vaults:2 | You fall through a shaft for 2 floors!
 39471 | Vaults:4 | Found a ruined gateway.
 39507 | Desolati | Entered the Desolation of Salt
 39707 | Desolati | Reached skill level 24 in Fighting
 39838 | Desolati | Identified the Compendium of Bewitching Snow
 39841 | Desolati | Got a vibrating pewter ring
 39843 | Desolati | Identified the ring "Hiekh" {*Drain rN+++ Str+4 Int+6
                  | Stlth-} (You found it in the Desolation of Salt)
 39929 | Desolati | Upgraded the game from 0.24-a0-272-g1411513 to
                  | 0.24-a0-278-gefa1973
 40053 | Desolati | Got an ancient golden ring
 40066 | Desolati | Received a gift from Trog
 40075 | Desolati | Identified the ring of Luje {rC+ Str+4 Int+3 Dex+3} (You
                  | found it in the Desolation of Salt)
 40432 | Desolati | Identified the cursed +1 falchion "Cyiserur" {flame, MR-
                  | Str+3 Dex+4} (You found it in the Desolation of Salt)
 40501 | Desolati | Got a twitching ivory ring
 40502 | Desolati | Identified the ring "Ilojoed" {rC+ Str+3 Int+6} (You found
                  | it in the Desolation of Salt)
 40729 | Desolati | Identified the +7 glaive of the Lamprey {chop, rC+++ MP-9
                  | Int-3 Dex+4} (You found it in the Desolation of Salt)
 40776 | Desolati | Identified the Volume of Contamination
 40940 | Vaults:5 | Entered Level 5 of the Vaults
 40940 | Vaults:5 | Noticed an ancient lich
 40953 | Vaults:5 | Reached skill level 25 in Fighting
 40955 | Vaults:5 | Noticed a Tzitzimitl
 40956 | Vaults:5 | Killed an ancient lich
 40978 | Vaults:5 | Reached XP level 20. HP: 52/211 MP: 20/20
 40987 | Vaults:5 | Received a gift from Trog
 40995 | Vaults:5 | HP: 7/211 [yaktaur captain/bolt (25)]
 41067 | Vaults:5 | Noticed an ancient lich
 41315 | Vaults:5 | Reached skill level 26 in Fighting
 41373 | Vaults:5 | Noticed an ancient lich
 41391 | Vaults:5 | Killed an ancient lich
 41391 | Vaults:5 | Received a gift from Trog
 41393 | Vaults:5 | Noticed a golden dragon
 41409 | Vaults:5 | Killed an ancient lich
 41409 | Vaults:5 | Reached skill level 27 in Fighting
 41409 | Vaults:5 | Mangled by a titan

Levels and vault maps discovered:
D:1:      dpeg_arrival_water_temple_mockup, layout_basic
D:2:      layout_loops_cross, nicolae_overflow_crystal_walls,
          lemuel_old_faithful, uniq_jessica
D:3:      layout_basic, uniq_terence
D:4:      layout_basic, minmay_temple_entry_mist, first_ration, serial_shops,
          shop, uniq_duvessa
D:5:      cheibrodos_two_vegetables, layout_basic, led_sif_book,
          kennysheep_mini, nicolae_ru_awakened_eye
D:6:      layout_loops_ring, kennysheep_slug_shrine, lemuel_doored_altar,
          nicolae_qazlal_eye_of_the_storm, serial_shops, shop_statue,
          nrook_pool_corridor, minmay_manual_moon
D:7:      layout_basic, grunt_gozag_statues, lemuel_crystal_altar,
          minmay_misc_feat_cross
D:8:      layout_basic, kennysheep_little_box, minivault_11, hangedman_ranch
          [blue_anna_fruit_fields], vehumet_altar_wand_db
D:9:      layout_small_grid, grunt_temple_overflow_order_and_chaos_1,
          bloody_trog, tso_altar, uniq_gastronok
D:10:     layout_rooms, enter_trove_2, special_room [special_room_orc],
          minivault_8
D:11:     layout_cave_pools, lair_entry_dummy
D:12:     regret_index_harrowing_hell_hive, layout_irregular_city, serial_shops,
          bzr_entry_road, basic_altar, uniq_snorg, uniq_kirke
D:13:     layout_cave_pools, erik_vaults_2, lemuel_tele_altar
D:14:     layout_cave_pods, serial_bayou_pond_d, uniq_rupert
D:15:     grunt_enter_depths_snipers, layout_long_grid,
          minmay_hollow_rounded_squares
Lair:1:   layout_layer_cave, grunt_megastairs_2
Lair:2:   layout_hall_layers, patterned_corridor, lemuel_fruit_fields,
          grunt_megastairs_5
Lair:3:   layout_regular_city, spider_nest_entry_webs, gammafunk_ghost_cemetery,
          serial_bayou_shore_b
Lair:4:   layout_cave_pods, minmay_swamp_entry_swarm, serial_bayou,
          serial_bayou_lake_a, serial_bayou_pond_d, serial_bayou_ford_a,
          serial_bayou_lagoon_a, minmay_lair_oklob_bushes,
          chequers_serial_rivers_small_b, infiniplex_staircase_pool_2,
          uniq_nergalle
Lair:5:   layout_loops_ring, slime_altar_1
Lair:6:   cheibrodos_lair_end_hotspot, layout_cave_pods
Swamp:1:  layout_basic_swamp, serial_swamp_ruin, evilmike_swamp_ruin_house_2,
          evilmike_swamp_ruin_house_5, evilmike_swamp_ruin_rubble_1
Swamp:2:  layout_basic_swamp, evilmike_swamp_ruin_house_6, swamp_pool1,
          uniq_aizul
Swamp:3:  layout_basic_swamp, evilmike_swamp_ruin_wall, uniq_nikola
Swamp:4:  swamp_basic_johnstein, layout_basic_swamp, uniq_louise
Spider:1: layout_chambers, gammafunk_ghost_split, uniq_jorgrun, uniq_azrael
Spider:2: layout_spider_delve
Spider:3: layout_spider_delve, uniq_arachne
Spider:4: floodkiller_spider_rune_tomb
Orc:1:    layout_caves, serial_shops, shop
Orc:2:    st_orc_open, layout_diamond_mine
Vaults:1: vaults_dpeg_ring, v_misc_23, vaults_room_guarded_vault,
          nicolae_vaults_alarming, ontoclasm_vaults_shuriken,
          hangedman_vaults_stretched_pinwheel, v_rooms_3,
          dpeg_vaults_monster_row, ontoclasm_vaults_loading_screen,
          grunt_vaults_funnel, layout_vaults_big_room, serial_shops, shop
Vaults:2: vaults_mumra_lcd, hangedman_vaults_corner,
          nicolae_vaults_angled_halls, hangedman_vaults_slice,
          vaults_dpeg_hooks, hangedman_vaults_trim, layout_vaults_omnigrid,
          uniq_asterion
Vaults:3: dpeg_vaults_monster_box, v_pattern_4, v_misc_2,
          minmay_crypt_entry_necro_gods, grunt_vaults_trifunnel,
          nicolae_vaults_murderbox, nicolae_vaults_yaktaur_gun_rack,
          nicolae_vaults_rhombus_7, nicolae_vaults_hallways_thing,
          vaults_room_large_hall, layout_vaults_ring
Vaults:4: ontoclasm_vaults_twist, hangedman_vaults_restitches,
          nicolae_vaults_three_branches, nicolae_vaults_border_crossing,
          v_misc_25, vaults_dpeg_encased_lava,
          hangedman_vaults_stretched_pinwheel, v_alt_pattern_3,
          grunt_vaults_twisty, v_misc_9, ontoclasm_vaults_claustrophobia,
          layout_vaults_omnibox, portal_desolation_entry_salt, serial_shops,
          shop
Vaults:5
Bazaar:   bazaar_minmay_trees

Skill      XL: |  1  2  3  4  5  6  7  8  9 10 11 12 13 14 15 16 17 18 19 20 |
---------------+-------------------------------------------------------------+-----
Axes           | 4 5 6 8 10 11 12 13 16 18 19 | 19.8
Fighting       | 4 5 7 8 10 12 14 15 16 17 19 21 23 25 27 | 27.0
Armour         | 3 4 6 7 9 10 12 13 14 16 18 19 20 | 20.0
Dodging        | 3 4 5 6 8 9 10 11 12 | 12.4
Stealth        | 1 2 3 4 6 7 |  7.3
Long Blades    | 2 |  2.5
Maces & Flails | 1 3 |  3.6
Evocations     | 1 2 |  2.2
Polearms       | |  0.6

Action                   |  1- 3 |  4- 6 |  7- 9 | 10-12 | 13-15 | 16-18 | 19-21 || total
-------------------------+-------+-------+-------+-------+-------+-------+-------++-------
Melee: Hand axe          |    78 |   105 |       |       |       |       |       ||   183
       Headbutt          |     8 |    21 |    67 |    77 |   162 |   238 |    97 ||   670
       War axe           |       |    19 |   301 |       |     9 |    57 |       ||   386
       Falchion          |       |       |     3 |     4 |       |       |       ||     7
       Halberd           |       |       |       |   398 |       |       |       ||   398
       Battleaxe         |       |       |       |    41 |   734 |   912 |   329 ||  2016
       Morningstar       |       |       |       |       |     9 |       |       ||     9
Invok: Berserk           |     1 |    10 |     5 |     7 |    10 |     2 |       ||    35
       Trog's Hand       |       |       |       |     2 |     7 |     2 |    10 ||    21
       Brothers in Arms  |       |       |       |       |     1 |     6 |     5 ||    12
Evoke: Wand              |       |       |       |     1 |     1 |     8 |       ||    10
  Use: Scroll            |       |     4 |    13 |    17 |    12 |     6 |    20 ||    72
       Potion            |       |       |       |     3 |     2 |     1 |     1 ||     7
 Stab: Sleeping          |     1 |       |       |     9 |       |       |       ||    10
       Distracted        |       |       |       |     2 |     1 |     1 |     2 ||     6
       Invisible         |       |       |       |     1 |     4 |       |       ||     5
       Petrifying        |       |       |       |       |     3 |       |       ||     3
       Petrified         |       |       |       |       |     1 |       |       ||     1
       Confused          |       |       |       |       |       |     1 |       ||     1
  Eat: Chunk             |     2 |    14 |    18 |    14 |    39 |    24 |    10 ||   121
       Ration            |       |     1 |       |     3 |     5 |     6 |     1 ||    16
Armor: Animal skin       |     5 |       |       |       |       |       |       ||     5
       Ring mail         |    12 |    19 |       |       |       |       |       ||    31
       Scale mail        |       |    18 |   126 |   178 |    84 |       |       ||   406
       Plate armour      |       |       |       |       |   321 |   761 |   197 ||  1279
Dodge: Dodged            |    53 |    82 |   175 |   302 |   486 |   605 |   216 ||  1919
Block: Other             |       |       |       |       |       |    25 |    62 ||    87
       Reflection        |       |       |       |       |       |     2 |     4 ||     6

Table legend:
 A = Non-vault XP
 B = Vault XP
 C = Vault XP percentage of total XP
 D = Non-vault monster count
 E = Vault monster count
 F = Vault count percentage of total count
                 A         B        C        D         E       F
            +---------+---------+-------+---------+---------+-------
      Total |  264088 |  293491 |  52.6 |     974 |     499 |  33.9
            +---------+---------+-------+---------+---------+-------
        D:1 |      49 |       0 |   0.0 |      22 |       0 |   0.0
        D:2 |      84 |      37 |  30.6 |      27 |       1 |   3.6
        D:3 |     155 |      32 |  17.1 |      33 |       1 |   2.9
        D:4 |     334 |     232 |  41.0 |      19 |       2 |   9.5
        D:5 |     895 |      79 |   8.1 |      30 |       2 |   6.2
        D:6 |     806 |     275 |  25.4 |      21 |       6 |  22.2
        D:7 |    1059 |       0 |   0.0 |      23 |       0 |   0.0
        D:8 |     382 |    2178 |  85.1 |      11 |       9 |  45.0
        D:9 |     409 |    2286 |  84.8 |       8 |       1 |  11.1
       D:10 |    1923 |    2013 |  51.1 |      21 |      28 |  57.1
       D:11 |    5242 |       0 |   0.0 |      32 |       0 |   0.0
       D:12 |    5557 |   12656 |  69.5 |      35 |      60 |  63.2
       D:13 |   11945 |    8000 |  40.1 |      45 |       8 |  15.1
       D:14 |    6900 |    2918 |  29.7 |      35 |       1 |   2.8
       D:15 |   17494 |    6417 |  26.8 |      51 |      13 |  20.3
     Lair:1 |    2250 |     487 |  17.8 |      13 |       2 |  13.3
     Lair:2 |    3822 |     575 |  13.1 |      11 |       2 |  15.4
     Lair:3 |    3556 |    3645 |  50.6 |      16 |       4 |  20.0
     Lair:4 |    4600 |    2278 |  33.1 |      15 |       7 |  31.8
     Lair:5 |    6956 |       0 |   0.0 |      25 |       0 |   0.0
     Lair:6 |   13151 |    7804 |  37.2 |      31 |      28 |  47.5
    Swamp:1 |   12275 |       0 |   0.0 |      31 |       0 |   0.0
    Swamp:2 |   14916 |    1750 |  10.5 |      34 |       1 |   2.9
    Swamp:3 |   17822 |    3172 |  15.1 |      38 |       1 |   2.6
    Swamp:4 |    9971 |   19499 |  66.2 |      21 |      29 |  58.0
   Spider:1 |    5324 |    3132 |  37.0 |      17 |       1 |   5.6
   Spider:2 |    3394 |       0 |   0.0 |       9 |       0 |   0.0
   Spider:3 |   14045 |    2706 |  16.2 |      44 |       1 |   2.2
   Spider:4 |   13979 |   33048 |  70.3 |      37 |      69 |  65.1
      Orc:1 |    1762 |       0 |   0.0 |      12 |       0 |   0.0
      Orc:2 |    8100 |   15537 |  65.7 |      84 |      37 |  30.6
   Vaults:1 |   22436 |   19262 |  46.2 |      44 |      27 |  38.0
   Vaults:2 |   13269 |    5440 |  29.1 |      23 |      10 |  30.3
   Vaults:4 |   12913 |    3613 |  21.9 |      16 |       8 |  33.3
   Vaults:5 |   26313 |   96460 |  78.6 |      40 |      65 |  61.9
 Desolation |       0 |   37960 | 100.0 |       0 |      75 | 100.0
            +---------+---------+-------+---------+---------+-------
